 Dungeon Crawl Stone Soup version 0.20-a0-251-g16a58bf (webtiles) character file.

46 Darkfold the Skirmisher (level 3, -2/24 HPs)
             Began as a Gargoyle Fighter on Dec 1, 2016.
             Was an Initiate of Ru.
             Killed from afar by Sigmund (4 damage)
             ... with a puff of flame
             ... on level 2 of the Dungeon.
             The game lasted 00:09:36 (2602 turns).

Darkfold the Skirmisher (Gargoyle Fighter)          Turns: 2602, Time: 00:09:37

Health: -2/24      AC: 10    Str: 20    XL:     3   Next: 68%
Magic:  0/3        EV:  7    Int:  8    God:    Ru [......]
Gold:   65         SH:  0    Dex:  9    Spells: 2/2 levels left

rFire  . . .     SeeInvis .     a - +0 flail
rCold  . . .     Gourm    .     b - +0 scale mail
rNeg   + . .     Faith    .     c - +0 shield
rPois  ∞         Spirit   +     (no helmet)
rElec  +         Reflect  .     (no cloak)
rCorr  .         Harm     .     (no gloves)
MR     .....                    (no boots)
Stlth  ..........               u - amulet of guardian spirit
                                (no ring)
                                (no ring)

@: confused
A: negative energy resistance 1, electricity resistance, unbreathing,
petrification resistance, rot immunity, AC +3
a: Renounce Religion


You were on level 2 of the Dungeon.
You worshipped Ru.
Ru was noncommittal.
You were hungry.

You visited 1 branch of the dungeon, and saw 2 of its levels.

You collected 65 gold pieces.

Inventory:

Hand Weapons
 a - a +0 flail (weapon)
Armour
 b - a +0 scale mail (worn)
 c - a +0 shield (worn)
Jewellery
 u - an amulet of guardian spirit (around neck)
Scrolls
 e - a scroll of teleportation
 i - a scroll of fog {unknown}
 j - a scroll of amnesia {unknown}
 k - a scroll of magic mapping {unknown}
 l - a scroll of fear {unknown}
 n - 2 scrolls of recharging
 o - a scroll of blinking {unknown}
 t - a scroll of random uselessness {unknown}
Potions
 d - a potion of might
 p - a potion of brilliance {unknown}
 r - a potion of ambrosia {unknown}
 s - a potion of heal wounds {unknown}
Comestibles
 f - 2 bread rations
 h - 2 beef jerkies
 m - a meat ration


   Skills:
 + Level 3.8 Fighting
 * Level 3.4 Maces & Flails
 - Level 3.3 Armour
 - Level 3.2 Shields


You had 2 spell levels left.
You didn't know any spells.

Dungeon Overview and Level Annotations

Branches:
Dungeon (2/15)

Altars:
Ru

Annotations:
D:2 Sigmund


Innate Abilities, Weirdness & Mutations

You are resistant to torment.
Your stone body is resilient. (AC +3)
You are immune to poison.
You resist negative energy. (rN+)
You are resistant to electric shocks. (rElec)
You can survive without breathing.
You are immune to petrification.
You are immune to rotting.


Message History

Sigmund is suddenly surrounded by pale red light.
Sigmund casts a spell at you.
You are more confused.
You bump into the rock wall.
Sigmund mumbles some strange words.
Sigmund flickers and vanishes!
You bump into the rock wall.
You bump into the rock wall.
Something hits you. Something hits you.
You feel less confused. Something hits you!
* * * LOW HITPOINT WARNING * * *
A goblin comes into view. It is wielding a dagger.
The goblin shouts!
You hear some strange, mumbled words.
You are confused.
Something hits you but does no damage.
A puff of flame appears from out of thin air!
The puff of flame hits you!
You die...

#.# #.......)# #.#
#.#######...# #.#
#.########.## #[#
#.#...((...#
#.#.######## #.#.#
#.#.# ##.#.#
#######.@..#######
.......<.....)...#
#######....#####.#
##.#g#####.#
#.#....##.#
#......##.#
#..........
#..........
...#.......


You could see a goblin.

Vanquished Creatures
  3 dart slugs
  2 leopard geckos
  7 bats
  A giant cockroach (D:1)
  5 goblins
  6 hobgoblins (D:1)
  2 ball pythons (D:1)
  6 frilled lizards (D:1)
  4 kobolds (D:1)
  3 rats
39 creatures vanquished.

Notes
Turn   | Place    | Note
-------+----------+-------------------------------------------
     0 | D:1      | Darkfold the Gargoyle Fighter began the quest for the Orb.
     0 | D:1      | Reached XP level 1. HP: 14/14 MP: 1/1
   111 | D:1      | Reached XP level 2. HP: 15/19 MP: 2/2
   317 | D:1      | Reached XP level 3. HP: 21/23 MP: 3/3
   679 | D:2      | Noticed Sigmund
  1165 | D:2      | Found a sacrificial altar of Ru.
  1169 | D:2      | Became a worshipper of Ru the Awakened
  2594 | D:2      | HP: 1/24 [something (8)]
  2602 | D:2      | Killed from afar by Sigmund

Vault maps used:
D:1:      scummos_arrival_checkerplants, st_stairs_4, solitary_fountain,
          minmay_pentomino_t4
D:2:      lemuel_crystal_altar, uniq_sigmund

Skill      XL: |  1  2 |
---------------+-------+-----
Maces & Flails | 3 |  3.4
Fighting       | |  3.8
Armour         | |  3.3
Shields        | |  3.2

Action                   || total
-------------------------++-------
Melee: Flail             ||   168
  Use: Scroll            ||     4
  Eat: Meat ration       ||     1
Armor: Scale mail        ||   112
Dodge: Dodged            ||    62
Block: Shield            ||   112
